Map: [ESL] Alcyone

Players

Cham

  • Race: Zerg Zerg
  • League: Master
  • Spawn Location: 1:00

trigger - Winner!

  • Race: Protoss Protoss
  • League: Grandmaster
  • Spawn Location: 7:00

Event: IEM Katowice 2024

VOD

Have the link to the VOD?

Description

Time

  • Played on: Dec. 10, 2023, 9:08 p.m.
  • Length: 17:18

All games in this series

Show
View Real Time Build Order
Export as new Build Order

Cham Zerg 

Build Orders: Hatch First, Lurkers 

Get SALT Encoding   

  12  0:00  Drone  
  13  0:12  Overlord  
  13  0:18  Drone  
  14  0:30  Drone x2  
  16  0:48  Hatchery  
  15  0:51  Drone  
  15  0:56  Drone  
  17  0:58  Drone  
  18  1:13  Spawning Pool  
  18  1:14  Extractor  
  18  1:16  Drone  
  17  1:20  Drone  
  18  1:28  Drone  
  19  1:38  Drone  
  20  1:50  Drone  
  21  2:00  Queen  
  21  2:01  Queen  
  25  2:02  Drone x2  
  27  2:10  Drone  
  28  2:15  Metabolic Boost  
  28  2:22  Overlord  
  28  2:32  Hatchery  
  27  2:37  Zergling x2  
  27  2:40  Queen  
  27  2:42  Drone  
  27  2:43  Overlord  
  31  2:47  Drone  
  32  2:51  Queen  
  32  2:56  Drone  
  35  3:02  Drone x2  
  35  3:03  Drone  
  38  3:11  Drone x2  
  38  3:12  Drone  
  40  3:13  Overlord  
  40  3:15  Drone  
  40  3:17  Drone x2  
  40  3:19  Drone  
  44  3:31  Queen  
  44  3:32  Queen  
  48  3:36  Overlord  
  48  3:39  Zergling x6  
  51  3:43  Zergling x2  
  50  3:59  Drone x8  
  57  4:02  Drone  
  57  4:05  Spore Crawler  
  57  4:07  Drone, Spore Crawler  
  55  4:11  Drone  
  55  4:14  Spore Crawler  
  55  4:15  Drone  
  55  4:19  Drone  
  55  4:20  Drone x2  
  55  4:21  Drone  
  59  4:27  Drone x3  
  59  4:28  Drone  
  62  4:32  Drone x2  
  62  4:35  Overlord  
  62  4:41  Drone x2  
  64  4:49  Drone  
  64  4:52  Baneling Nest  
  64  4:56  Drone x2  
  64  4:57  Extractor, Drone x2  
  64  4:59  Hatchery  
  66  5:11  Drone x3, Hatchery  
  65  5:15  Overlord  
  65  5:16  Overlord  
  62  5:21  Zergling x2  
  62  5:22  Zergling x4  
  62  5:28  Zergling x2  
  65  5:36  Drone x2  
  65  5:37  Drone, Lair  
  65  5:40  Drone  
  65  5:41  Drone  
  65  5:42  Zergling x8  
  73  5:43  Zergling x4  
  73  5:44  Zergling x2, Overlord  
  73  5:48  Roach Warren  
  75  5:51  Zergling x2  
  75  5:52  Evolution Chamber  
  75  5:53  Drone  
  75  5:54  Drone  
  75  5:55  Drone  
  76  6:02  Baneling  
  76  6:03  Baneling x4  
  76  6:04  Baneling  
  76  6:05  Zergling x4  
  76  6:06  Drone x3  
  76  6:07  Overlord  
  76  6:10  Drone  
  82  6:12  Overlord  
  82  6:13  Zergling x2  
  82  6:17  Drone x3  
  86  6:21  Overlord  
  83  6:33  Drone  
  83  6:34  Drone x13  
  83  6:38  Centrifugal Hooks  
  92  6:40  Extractor x2  
  92  6:42  Spore Crawler  
  92  6:43  Unknown  
  92  6:44  Roach x3  
  94  6:48  Glial Reconstitution  
  94  6:50  Zerg Melee Weapons Level 1  
  94  6:51  Zergling x2  
  95  6:55  Roach  
  95  6:56  Overlord x2  
  95  6:58  Drone  
  95  7:01  Overlord  
  98  7:03  Roach  
  98  7:08  Overlord  
  100  7:09  Overlord  
  100  7:10  Roach x2  
  100  7:12  Overlord x2  
  100  7:13  Roach  
  106  7:17  Zergling x2  
  106  7:18  Zergling x10  
  106  7:21  Overlord  
  112  7:27  Roach x5  
  122  7:30  Roach x2  
  122  7:33  Drone x3  
  122  7:36  Drone  
  122  7:37  Drone x2  
  132  7:40  Drone x5  
  137  7:48  Drone x7  
  144  7:52  Overlord  
  144  7:53  Drone  
  144  7:54  Overlord  
  144  7:56  Roach x3  
  144  7:57  Roach  
  153  8:01  Roach  
  153  8:02  Infestation Pit  
  153  8:03  Spore Crawler  
  153  8:06  Zergling x4  
  153  8:07  Overlord x2  
  153  8:10  Drone x2  
  153  8:11  Zergling x6  
  156  8:15  Zergling x4  
  156  8:16  Zergling x8  
  161  8:23  Zergling x2  
  161  8:24  Zergling x16  
  170  8:27  Zergling x2  
  170  8:28  Zergling x2, Roach  
  170  8:31  Overlord  
  170  8:32  Zergling x4  
  176  8:35  Zergling x4  
  176  8:37  Zergling x2, Roach x2  
  176  8:39  Hive  
  183  8:43  Extractor x2  
  183  8:45  Spire  
  180  8:49  Drone  
  180  8:50  Zergling x8  
  180  8:51  Zergling x8  
  180  8:54  Drone x3  
  192  8:59  Hydralisk Den  
  192  9:00  Zergling x12  
  192  9:01  Spine Crawler  
  193  9:03  Zergling x2  
  193  9:06  Zergling x8  
  197  9:16  Overlord  
  184  9:18  Zergling x6  
  184  9:19  Zergling x18  
  184  9:21  Overlord  
  196  9:29  Baneling x14, Spine Crawler x2  
  196  9:30  Baneling  
  196  9:31  Spine Crawler  
  193  9:32  Zergling x4  
  193  9:36  Zergling x2  
  193  9:37  Zergling x6  
  199  9:40  Grooved Spines  
  199  9:44  Lurker Den  
  198  9:51  Baneling  
  198  9:52  Baneling x17  
  198  9:56  Drone  
  198  9:59  Spine Crawler  
  198  10:00  Baneling  
  198  10:01  Zerg Missile Weapons Level 1, Baneling x5  
  198  10:03  Drone  
  198  10:05  Evolution Chamber  
  198  10:08  Evolution Chamber  
  197  10:14  Overlord  
  197  10:18  Baneling  
  197  10:19  Baneling x18  
  197  10:22  Zerg Flyer Weapons Level 1  
  197  10:25  Drone x2  
  197  10:27  Spire  
  198  10:30  Drone, Muscular Augments  
  185  10:46  Zergling x2  
  185  10:47  Zergling x50  
  199  10:54  Adaptive Talons  
  199  10:56  Zerg Melee Weapons Level 2, Zerg Ground Armor Level 1  
  196  11:00  Drone  
  196  11:01  Drone x5  
  195  11:12  Hydralisk x3  
  199  11:18  Baneling x7  
  199  11:19  Hatchery  
  199  11:25  Baneling x11  
  198  11:26  Baneling x6  
  157  11:50  Hydralisk x6  
  157  11:51  Hydralisk x9  
  157  11:52  Seismic Spines, Hydralisk x4  
  157  11:54  Zergling x6  
  174  11:57  Hydralisk  
  174  12:00  Zergling x4  
  177  12:04  Drone x3  
  177  12:07  Spine Crawler  
  179  12:13  Lurker x3  
  179  12:15  Zergling x20  
  192  12:16  Zergling x2  
  192  12:21  Zergling x2  
  194  12:22  Lurker  
  194  12:23  Lurker  
  194  12:24  Lurker  
  194  12:25  Zergling x4  
  194  12:26  Zergling x2  
  199  12:32  Zergling x2  
  192  12:39  Overseer x2, Hydralisk x2  
  192  12:40  Zergling x2, Lurker  
  192  12:41  Lurker  
  199  12:46  Overlord  
  199  12:47  Zergling x2  
  192  12:55  Hydralisk x5  
  185  13:08  Hydralisk  
  185  13:09  Hydralisk x6  
  185  13:17  Hydralisk x4  
  185  13:18  Zergling x2  
  185  13:19  Zergling x18  
  197  13:28  Zerg Ground Armor Level 2  
  197  13:32  Hydralisk  
  197  13:33  Hydralisk  
  194  13:34  Hydralisk  
  194  13:36  Hydralisk  
  194  13:37  Zergling x16  
  194  13:38  Zergling x4  
  194  13:39  Zergling x4, Hydralisk  
  166  13:41  Hydralisk  
  166  13:43  Zergling x10  
  166  13:47  Hydralisk x2  
  166  13:48  Zergling x4  
  171  13:50  Extractor  
  171  13:51  Roach x3  
  171  13:52  Extractor  
  171  13:53  Zergling x4  
  177  13:56  Baneling  
  177  13:57  Baneling x5  
  177  13:58  Baneling  
  177  13:59  Baneling  
  177  14:00  Drone x2  
  177  14:01  Drone  
  180  14:06  Lurker  
  180  14:07  Zergling x4  
  180  14:08  Zergling x12  
  180  14:09  Zergling x2  
  190  14:11  Lurker  
  190  14:12  Zergling x6  
  192  14:17  Lurker  
  192  14:19  Unknown  
  192  14:21  Drone x3  
  192  14:22  Drone  
  188  14:29  Lurker x2  
  188  14:38  Zerg Missile Weapons Level 2  
  183  14:40  Lurker  
  183  14:45  Lurker  
  185  14:47  Zergling x26  
  185  14:50  Spine Crawler  
  185  14:51  Spore Crawler  
  185  14:52  Spine Crawler  
  192  15:03  Lurker x3  
  192  15:05  Baneling x4  
  192  15:06  Baneling x2  
  195  15:16  Zergling x10  
  187  15:32  Viper x2  
  187  15:33  Viper  
  190  15:50  Hydralisk x5  
  192  15:58  Hatchery  
  192  16:02  Hydralisk  
  192  16:03  Hydralisk x8  
  192  16:04  Zergling x2  
  176  16:16  Hydralisk x5  
  138  16:34  Pneumatized Carapace  
  138  16:36  Zergling x18  
  138  16:37  Zergling x6  
  138  16:48  Hydralisk x3  
Show
View Real Time Build Order
Export as new Build Order

trigger Protoss - Winner!

Build Orders: 1 Gate Expand, Oracle Opening, Zealot Archon 

Get SALT Encoding   

  12  0:00  Probe  
  13  0:12  Probe  
  14  0:17  Pylon  
  14  0:24  Probe (Chrono Boost)  
  15  0:36  Probe (Chrono Boost)  
  15  0:39  Gateway  
  16  0:44  Probe (Chrono Boost)  
  17  0:51  Assimilator, Probe  
  18  1:03  Probe  
  19  1:15  Probe  
  20  1:25  Nexus  
  20  1:35  Cybernetics Core  
  20  1:38  Probe  
  21  1:43  Assimilator  
  21  1:50  Probe  
  21  1:53  Pylon  
  22  2:02  Probe  
  23  2:09  Adept (Chrono Boost)  
  23  2:10  Probe  
  26  2:17  Stargate  
  26  2:18  Probe  
  27  2:27  Warp Gate  
  27  2:30  Probe (Chrono Boost)  
  27  2:33  Adept  
  30  2:38  Probe (Chrono Boost)  
  32  2:47  Probe x2 (Chrono Boost)  
  33  2:52  Probe (Chrono Boost)  
  33  2:53  Probe  
  35  2:59  Oracle (Chrono Boost)  
  39  3:05  Probe  
  39  3:06  Probe  
  40  3:12  Adept  
  40  3:15  Pylon  
  40  3:17  Probe  
  40  3:18  Probe  
  44  3:24  Gateway  
  44  3:29  Probe  
  44  3:31  Oracle (Chrono Boost)  
  44  3:32  Probe  
  49  3:42  Probe  
  49  3:48  Nexus  
  50  3:49  Probe  
  51  3:59  Probe  
  51  4:01  Probe  
  54  4:02  Oracle, Pylon  
  54  4:05  Assimilator  
  52  4:11  Probe  
  53  4:17  Probe  
  53  4:18  Pylon  
  53  4:20  Assimilator  
  53  4:21  Adept x2  
  58  4:27  Probe  
  58  4:31  Probe  
  60  4:39  Twilight Council, Probe  
  60  4:42  Forge  
  60  4:43  Probe  
  62  4:47  Stalker  
  62  4:51  Probe (Chrono Boost)  
  65  4:54  Shield Battery  
  65  4:55  Probe (Chrono Boost)  
  66  5:00  Probe (Chrono Boost)  
  66  5:04  Probe (Chrono Boost)  
  69  5:07  Gateway, Probe (Chrono Boost)  
  69  5:09  Gateway  
  69  5:12  Probe (Chrono Boost)  
  67  5:14  Probe (Chrono Boost)  
  67  5:18  Stalker x2  
  72  5:25  Probe  
  72  5:26  Probe x2  
  72  5:27  Protoss Ground Weapons Level 1  
  72  5:28  Blink  
  75  5:29  Robotics Facility  
  73  5:39  Probe (Chrono Boost)  
  73  5:41  Sentry, Assimilator  
  73  5:42  Probe (Chrono Boost)  
  76  5:44  Probe (Chrono Boost)  
  76  5:45  Shield Battery  
  76  5:47  Assimilator  
  76  5:48  Probe (Chrono Boost)  
  78  5:51  Probe (Chrono Boost)  
  78  5:52  Probe (Chrono Boost)  
  78  5:53  Probe (Chrono Boost)  
  78  5:55  Stalker  
  82  5:59  Robotics Facility  
  82  6:00  Pylon  
  82  6:01  Probe  
  82  6:02  Probe  
  82  6:03  Pylon  
  84  6:05  Photon Cannon  
  84  6:07  Probe  
  85  6:16  Robotics Bay  
  85  6:17  Pylon  
  85  6:18  Probe  
  86  6:19  Pylon  
  86  6:21  Stalker x2  
  90  6:29  Stalker x2  
  91  6:37  Probe  
  91  6:38  Photon Cannon, Probe  
  91  6:39  Photon Cannon  
  91  6:40  Probe  
  92  6:49  Probe  
  92  6:50  Warp Prism (Chrono Boost)  
  96  6:55  Pylon  
  96  7:01  Observer (Chrono Boost)  
  96  7:09  Nexus  
  96  7:11  Shield Battery  
  96  7:12  Photon Cannon  
  96  7:13  Templar Archives  
  96  7:14  Pylon  
  96  7:16  Pylon  
  96  7:20  Pylon  
  96  7:21  Gateway  
  96  7:25  Gateway  
  96  7:26  Colossus (Chrono Boost)  
  96  7:29  Colossus (Chrono Boost)  
  102  7:34  Probe  
  102  7:35  Probe  
  110  7:37  Photon Cannon, Probe  
  111  7:50  High Templar x3  
  117  7:52  High Templar  
  117  7:55  Archon, Photon Cannon  
  117  7:58  Probe  
  120  7:59  Probe  
  120  8:03  Protoss Ground Weapons Level 2 (Chrono Boost)  
  121  8:07  Probe  
  121  8:10  Probe  
  129  8:13  Colossus (Chrono Boost)  
  129  8:17  Probe, Colossus (Chrono Boost)  
  129  8:19  Archon, Probe  
  128  8:20  Assimilator  
  128  8:25  Assimilator  
  134  8:27  Probe  
  134  8:31  Probe  
  134  8:32  Photon Cannon  
  134  8:33  Probe  
  137  8:34  Photon Cannon  
  137  8:36  Photon Cannon  
  137  8:40  Photon Cannon  
  137  8:41  Shield Battery  
  137  8:42  Photon Cannon  
  137  8:46  Photon Cannon  
  137  8:47  Shield Battery  
  137  8:49  Charge, Pylon  
  137  8:54  Gateway  
  137  8:56  Gateway, High Templar  
  137  8:57  High Templar  
  137  9:00  Archon  
  141  9:04  Immortal x2  
  141  9:08  Stalker x2  
  141  9:09  Zealot  
  155  9:11  Psionic Storm  
  155  9:20  Forge  
  155  9:28  Gateway  
  155  9:30  High Templar  
  155  9:31  High Templar x2  
  161  9:32  Zealot x2  
  161  9:33  Zealot  
  167  9:44  Immortal  
  171  9:51  Pylon  
  171  9:53  Pylon x2  
  171  9:54  Protoss Ground Armor Level 1 (Chrono Boost)  
  171  9:55  Pylon  
  171  9:59  Pylon  
  171  10:02  Nexus  
  171  10:04  Pylon  
  171  10:09  Immortal  
  175  10:14  Zealot x4  
  175  10:19  Protoss Ground Weapons Level 3 (Chrono Boost)  
  183  10:23  Immortal  
  183  10:27  Shield Battery  
  187  10:29  Photon Cannon  
  187  10:30  Photon Cannon x2  
  187  10:33  Zealot x2  
  182  10:43  Stalker x4  
  182  10:48  Probe  
  183  10:50  Probe  
  183  10:53  Probe  
  183  10:55  Immortal  
  189  10:57  High Templar  
  189  10:58  High Templar x4  
  189  11:03  Archon x2  
  195  11:22  Photon Cannon  
  195  11:24  Photon Cannon x2, Pylon  
  195  11:30  Zealot x2  
  185  11:47  Colossus (Chrono Boost)  
  185  11:50  Stalker x3  
  151  11:55  High Templar x5  
  151  11:57  Assimilator, Colossus (Chrono Boost)  
  161  12:06  Probe  
  161  12:07  Archon  
  162  12:09  Nexus, Zealot  
  154  12:17  Probe  
  154  12:18  Probe  
  154  12:19  Protoss Ground Armor Level 2 (Chrono Boost)  
  154  12:20  Pylon  
  154  12:22  Gateway, Pylon  
  156  12:24  Gateway  
  156  12:26  Gateway  
  156  12:27  Gateway  
  156  12:29  Zealot x5  
  165  12:33  Warp Prism  
  165  12:42  High Templar x2  
  169  12:44  Immortal  
  169  12:45  Shield Battery  
  169  12:47  Photon Cannon  
  169  12:48  Photon Cannon  
  169  12:50  Photon Cannon  
  173  12:52  Photon Cannon  
  173  12:57  Stalker x6  
  166  13:10  Immortal  
  152  13:20  Zealot x6  
  152  13:23  Observer  
  160  13:35  Archon  
  160  13:37  Zealot x4  
  137  13:43  Zealot x6  
  137  13:45  Immortal  
  137  13:47  Probe x2  
  137  13:48  Probe x3  
  157  13:49  Observer  
  157  13:51  Protoss Shields Level 1 (Chrono Boost)  
  159  13:58  Gravitic Boosters (Chrono Boost)  
  159  14:03  High Templar x8  
  171  14:10  Observer, Probe  
  171  14:15  Probe x2  
  171  14:16  Probe  
  168  14:18  Assimilator  
  168  14:22  Assimilator  
  172  14:24  Immortal  
  172  14:25  Archon  
  172  14:26  High Templar  
  172  14:32  Zealot x4, Immortal  
  184  14:42  Robotics Facility  
  184  14:54  Zealot x4  
  184  14:55  Zealot x3  
  198  15:03  Immortal  
  190  15:33  Nexus, Photon Cannon  
  188  15:37  Photon Cannon x2  
  188  15:39  Zealot x7  
  184  15:59  Zealot  
  184  16:00  Zealot x3  
  184  16:02  Immortal  
  184  16:03  High Templar x2  
  197  16:05  Observer  
  197  16:09  Observer  
  197  16:10  Zealot x2  
  190  16:22  Zealot x5  
  190  16:24  Stargate  
  194  16:33  Zealot x4  
  194  16:35  Pylon  
  200  16:44  Archon  
  186  16:55  Observer x2, Photon Cannon  
  186  16:56  Zealot x4  
  192  17:02  High Templar x4  
  198  17:14  Shield Battery  
  198  17:15  Photon Cannon  

Tags
 
Add a new tag
Caveats
  • Supply blocks, unpowered buildings, or Contaminate may cause inaccurate times.
  • Supply counts are checked every 10 seconds.